 Dungeon Crawl Stone Soup version 0.31-a0-656-gb4d89c20fa (webtiles) character file.

Game seed: 17519921502980120312

462 themarg the Trooper (level 6, -1/67 HPs)
             Began as a Troll Fighter on Aug 30, 2023.
             Was a Follower of Okawaru.
             Slain by an orc wizard
             ... wielding a +0 dagger of venom
              (2 damage)
             ... on level 4 of the Dungeon.
             The game lasted 00:09:51 (2571 turns).

themarg the Trooper (Troll Fighter)                 Turns: 2571, Time: 00:09:51

Health: -1/67      AC:  7    Str: 27    XL:     6   Next: 79%
Magic:  5/5        EV:  9    Int:  4    God:    Okawaru [*.....]
Gold:   239        SH:  0    Dex:  9    Spells: 5/5 levels left

rFire   . .          .
                       - Unarmed
rCold   . . .        b - +0 kite shield
rNeg    . . .        a - +0 robe
rPois   .            (helmet restricted)
rElec   .            p - +2 cloak
rCorr   .            (gloves unavailable)
SInv    .            (boots unavailable)
Will    .....        (no amulet)
Stlth   +            (no ring)
HPRegen 1.11/turn    (no ring)
MPRegen 0.09/turn

%: no passive effects
@: confused, lethally poisoned (-1 -> -2)
A: large, unfitting armour, claws 3, regeneration 1, shaggy fur 1, tough skin 1
a: Renounce Religion, Heroism


You were on level 4 of the Dungeon.
You worshipped Okawaru.
Okawaru was aware of your devotion.
You visited 1 branch of the dungeon, and saw 4 of its levels.

You collected 351 gold pieces.
You spent 112 gold pieces at shops.

Inventory:

Hand Weapons
 y - a +0 flail
Missiles
 g - 29 stones (quivered)
 i - 16 poisoned darts
 w - 2 boomerangs
Armour
 a - a +0 robe (worn)
 b - a +0 kite shield (worn)
 p - a +2 cloak (worn)
Jewellery
 e - a ring of magical power
Scrolls
 d - a scroll of amnesia
 j - a scroll of poison {unknown}
 l - 2 scrolls of teleportation
 m - a scroll of revelation {unknown}
 o - 2 scrolls of blinking {unknown}
 q - 2 scrolls of vulnerability
Potions
 c - a potion of might
 f - a potion of berserk rage {unknown}
 h - 2 potions of lignification {unknown}
 n - a potion of attraction {unknown}
 r - 2 potions of enlightenment {unknown}
 t - a potion of mutation {unknown}
 v - a potion of resistance {unknown}


   Skills:
 + Level 6.2 Fighting
 + Level 1.4 Throwing
 - Level 2.4 Dodging
 - Level 2.6 Shields
 - Level 2.0 Unarmed Combat


You had 5 spell levels left.
You didn't know any spells.
Your spell library was empty.

Dungeon Overview and Level Annotations

Branches:
Dungeon (4/15)
 Temple: D:4-7

Altars:
Okawaru
Zin
The Shining One

Shops:
D:1 *


Innate Abilities, Weirdness & Mutations

You are too large for most types of armour.
You have claws for hands.
Your natural rate of healing is unusually fast.
You are covered in fur. (AC +1)
You have tough skin. (AC +1)


Message History

The goblin hits you with a +0 dagger. Something hits you but does no damage.
You block the orc wizard's attack.
You claw the ball python!
You kill the ball python!
Okawaru accepts your kill.
You feel very sick. You block the orc's attack.
Something completely misses you. Something hits you but does no damage.
You block the goblin's attack.
The orc wizard points at you and mumbles some strange words.
You resist with some effort. The orc barely misses you.
You scratch the orc but do no damage.
You feel very sick.
An orc wizard appears from thin air!
Reactivating autopickup.
The orc hits you with a +0 dagger of speed.
* * * LOW HITPOINT WARNING * * *
The orc wizard misses you. Something hits you.
* * * LOW HITPOINT WARNING * * *
Deactivating autopickup; reactivate with Ctrl-A.
You block the goblin's attack. The orc wizard casts a spell at you.
The magic dart hits you but does no damage.
You scratch the orc but do no damage.
You feel very sick. The orc barely misses you. Something hits you.
* * * LOW HITPOINT WARNING * * *
The orc wizard closely misses you. You block the goblin's attack.
The orc wizard mumbles some strange words.
The orc wizard flickers and vanishes!
The orc hits you but does no damage.
You closely miss the orc.
You feel sick. The orc hits you but does no damage.
The hobgoblin hits you but does no damage.
You block the orc wizard's attack. Something hits you but does no damage.
The goblin closely misses you.
You hear some strange, mumbled words.
You are confused.
You barely miss the goblin.
You feel sick. The orc hits you but does no damage.
The hobgoblin hits you with a +0 hand axe.
* * * LOW HITPOINT WARNING * * *
The orc wizard hits you with a +0 dagger of venom.
You die...

>.### ####....#.##.. ....#
##.#....##.... . ....###
#...>..##...# ..
......#####.......#...#...
........)........##.......
...............#>#........
.........##...##......#...
.........##....go{........
................@{##....#.
................go..#..##
...................## ...
...................# ...
........ ........... ..
......# .#.........# .
....... ##.........
...#... .........#.
.###...


You could see an orc wizard, an orc, a hobgoblin and a goblin.

Vanquished Creatures
  Grinder (D:3)
  A black bear (D:4)
  An iguana (D:2)
  An orc wizard (D:3)
  4 adders
  A worm (D:2)
  9 orcs
  6 ball pythons
  6 endoplasms
  4 giant cockroaches
  7 goblins
  3 hobgoblins
  8 jackals
  5 quokkas
  3 bats
  A frilled lizard (D:1)
  5 kobolds
  4 rats
70 creatures vanquished.

Notes
Turn   | Place    | Note
-------+----------+-------------------------------------------
     0 | D:1      | themarg the Troll Fighter began the quest for the Orb.
     0 | D:1      | Reached XP level 1. HP: 22/22 MP: 0/0
   118 | D:1      | Found Kixkump's General Store.
   225 | D:1      | Reached skill level 3 in Fighting
   225 | D:1      | Reached XP level 2. HP: 31/31 MP: 1/1
   262 | D:1      | Bought a scroll of teleportation for 42 gold pieces
   783 | D:1      | Bought a scroll of identify for 28 gold pieces
   809 | D:2      | Reached XP level 3. HP: 37/37 MP: 2/2
  1147 | D:2      | Reached skill level 4 in Fighting
  1151 | D:2      | Found a faded altar of an unknown god.
  1168 | D:2      | Reached XP level 4. HP: 31/48 MP: 3/3
  1515 | D:1      | Bought a potion of curing for 42 gold pieces
  1563 | D:3      | Noticed Grinder
  1570 | D:3      | Paralysed by Grinder for 5 turns
  1620 | D:3      | Found an iron altar of Okawaru.
  1653 | D:3      | Became a worshipper of Warmaster Okawaru
  1719 | D:3      | Found a glowing golden altar of the Shining One.
  1736 | D:3      | Paralysed by Grinder for 3 turns
  1747 | D:3      | Killed Grinder
  1747 | D:3      | Reached * piety under Okawaru
  1748 | D:3      | Reached skill level 5 in Fighting
  1748 | D:3      | Reached XP level 5. HP: 10/59 MP: 4/4
  1748 | D:3      | Reached XP level 6. HP: 11/67 MP: 5/5
  1943 | D:3      | Reached skill level 6 in Fighting
  2209 | D:3      | Found a glowing silver altar of Zin.
  2503 | D:4      | Reached skill level 1 in Throwing
  2571 | D:4      | HP: 1/67 [hobgoblin/+0 hand axe (4)]
  2571 | D:4      | Slain by an orc wizard

Illustrated notes

Levels and vault maps discovered:
D:1:      psy_arrival_statuary, layout_basic, serial_shops,
          nicolae_shop_peninsula, minmay_quantized
D:2:      layout_loops_ring, basic_ecumenical_altar, serial_bayou_pond_b
D:3:      layout_rooms, tso_altar, amcnicky_altar_gilded,
          mainiacjoe_overflow_paths, corexii_shack, wad_orctagon, uniq_grinder
D:4:      layout_cave_pools

Skill      XL: |  1  2  3  4  5  6 |
---------------+-------------------+-----
Fighting       | 3 4 5 6 |  6.2
Throwing       | 1 |  1.4
Dodging        | |  2.4
Shields        | |  2.6
Unarmed Combat | |  2.0

Action                     |  1- 3 |  4- 6 || total
---------------------------+-------+-------++-------
  Melee: Unarmed           |    97 |   110 ||   207
  Throw: Stone             |       |     6 ||     6
    Use: Scroll            |     1 |     2 ||     3
         Potion            |       |     1 ||     1
 Armour: Robe              |    28 |    66 ||    94
  Dodge: Dodged            |    17 |    69 ||    86
  Block: Kite shield       |    37 |    44 ||    81

Table legend: (Time is in decaauts)
 A = Elapsed time spent in this place.
 B = Non-inter-level travel time spent in this place.
 C = Inter-level travel time spent in this place.
 D = Time resting spent in this place.
 E = Time spent auto-exploring this place.
 F = Levels seen in this place.
 G = Mean time per level.
                   A        B        C        D        E       F      G
               +--------+--------+--------+--------+--------+-----+--------+
         Total |   2586 |   2373 |    213 |      4 |   1716 |   4 |  646.5 |
       Dungeon |   2586 |   2373 |    213 |      4 |   1716 |   4 |  646.5 |
               +--------+--------+--------+--------+--------+-----+--------+

Top non-repeatable levels by time:
     D:1: 842 daAuts
     D:3: 812 daAuts
     D:2: 750 daAuts
     D:4: 181 daAuts
